Map: New Gettysburg LE

Players

Neeb - Winner!

  • Race: Protoss Protoss

Polt

  • Race: Terran Terran

Event: 2016 WCS Summer Circuit Championship (DH Montreal)

VOD

https://www.youtube.com/watch?v=uKWHU-G04FU

Description

Time

  • Played on: Aug. 14, 2016, 1:17 p.m.
  • Length: 13:35

All games in this series

Show
View Real Time Build Order
Export as new Build Order

Neeb Protoss - Winner!

Build Orders: 1 Gate Expand, Oracle Opening 

Get SALT Encoding   

  12  0:01  Probe (Chrono Boost)  
  13  0:11  Probe (Chrono Boost)  
  14  0:18  Pylon  
  14  0:22  Probe (Chrono Boost)  
  15  0:37  Probe (Chrono Boost), Gateway  
  16  0:47  Probe (Chrono Boost)  
  16  0:48  Assimilator  
  17  0:58  Probe (Chrono Boost)  
  18  1:09  Probe (Chrono Boost)  
  19  1:19  Nexus  
  19  1:22  Probe (Chrono Boost)  
  20  1:32  Cybernetics Core  
  20  1:35  Probe (Chrono Boost)  
  21  1:41  Assimilator  
  21  1:46  Probe (Chrono Boost)  
  22  1:51  Pylon  
  22  1:56  Probe (Chrono Boost)  
  23  2:06  Adept  
  23  2:08  Warp Gate  
  23  2:11  Probe (Chrono Boost)  
  27  2:26  Mothership Core (Chrono Boost)  
  27  2:29  Adept  
  28  2:32  Probe (Chrono Boost)  
  31  2:43  Probe (Chrono Boost)  
  32  2:46  Probe (Chrono Boost)  
  32  2:49  Pylon  
  33  2:53  Probe (Chrono Boost)  
  33  2:56  Stargate  
  33  2:57  Probe (Chrono Boost)  
  35  3:04  Probe (Chrono Boost)  
  36  3:08  Probe (Chrono Boost)  
  37  3:14  Probe (Chrono Boost)  
  37  3:18  Probe (Chrono Boost)  
  39  3:20  Adept  
  39  3:25  Probe (Chrono Boost)  
  42  3:29  Probe (Chrono Boost)  
  42  3:30  Pylon  
  43  3:36  Oracle  
  43  3:38  Gateway  
  43  3:40  Gateway  
  43  3:41  Probe (Chrono Boost)  
  44  3:44  Probe (Chrono Boost)  
  48  3:53  Probe (Chrono Boost)  
  48  3:54  Pylon  
  48  3:55  Probe (Chrono Boost)  
  50  4:05  Probe x2 (Chrono Boost)  
  50  4:07  Oracle  
  52  4:15  Nexus  
  56  4:18  Probe x2 (Chrono Boost)  
  56  4:21  Pylon  
  57  4:29  Probe (Chrono Boost)  
  57  4:30  Probe (Chrono Boost)  
  53  4:39  Probe (Chrono Boost)  
  53  4:42  Probe (Chrono Boost)  
  53  4:44  Adept  
  57  4:46  Adept, Assimilator  
  57  4:47  Adept, Assimilator  
  57  4:50  Probe (Chrono Boost)  
  63  4:54  Probe (Chrono Boost)  
  63  5:00  Probe (Chrono Boost)  
  63  5:01  Robotics Facility  
  63  5:04  Pylon  
  63  5:05  Sentry  
  63  5:06  Probe (Chrono Boost), Pylon  
  67  5:11  Sentry  
  67  5:13  Stalker  
  72  5:14  Probe (Chrono Boost)  
  72  5:18  Probe (Chrono Boost)  
  73  5:25  Probe (Chrono Boost)  
  74  5:30  Probe (Chrono Boost)  
  74  5:31  Probe (Chrono Boost)  
  74  5:35  Probe (Chrono Boost)  
  74  5:36  Stalker x2  
  74  5:41  Twilight Council, Probe (Chrono Boost)  
  74  5:42  Probe (Chrono Boost), Forge  
  80  5:46  Probe (Chrono Boost)  
  80  5:49  Sentry  
  77  5:52  Probe (Chrono Boost), Immortal  
  77  5:54  Probe (Chrono Boost)  
  79  6:00  Probe (Chrono Boost)  
  79  6:02  Probe (Chrono Boost)  
  81  6:04  Protoss Ground Weapons Level 1  
  81  6:06  Void Ray  
  81  6:07  Probe (Chrono Boost)  
  81  6:10  Blink, Probe (Chrono Boost)  
  87  6:13  Assimilator  
  87  6:15  Assimilator  
  87  6:17  Gateway  
  87  6:19  Gateway  
  87  6:23  Gateway  
  87  6:27  Probe (Chrono Boost)  
  87  6:29  Probe (Chrono Boost)  
  87  6:31  Pylon  
  89  6:32  Adept  
  89  6:33  Pylon  
  89  6:35  Observer  
  89  6:37  Adept  
  94  6:43  Pylon  
  94  6:45  Pylon  
  95  6:48  Probe (Chrono Boost)  
  95  6:49  Stalker  
  95  6:52  Pylon  
  97  6:54  Immortal  
  97  6:58  Stalker x2  
  105  7:09  Oracle  
  105  7:16  Gateway  
  105  7:19  Gateway  
  105  7:21  Sentry x2, Stalker  
  105  7:22  Stalker  
  113  7:27  Adept x2  
  113  7:28  Warp Prism  
  119  7:40  Pylon  
  119  7:42  Pylon  
  119  7:43  Protoss Ground Armor Level 1  
  119  7:45  Stalker x4, Pylon  
  127  7:54  Pylon  
  127  7:55  Photon Cannon  
  127  7:58  Resonating Glaives  
  127  8:00  Stalker x2  
  127  8:03  Observer  
  132  8:10  Stalker x2  
  132  8:11  Stalker  
  138  8:25  Adept x2  
  138  8:26  Adept x3  
  148  8:30  Nexus  
  148  8:35  Adept  
  148  8:38  Immortal  
  148  8:44  Pylon  
  152  8:53  Adept x4  
  152  8:54  Adept x3  
  152  8:55  Adept  
  155  9:03  Forge  
  155  9:04  Probe x2 (Chrono Boost)  
  155  9:05  Probe (Chrono Boost)  
  151  9:13  Adept x6  
  151  9:14  Adept x2  
  157  9:19  Robotics Facility  
  157  9:20  Warp Prism  
  157  9:21  Robotics Bay  
  157  9:31  Protoss Ground Armor Level 2  
  159  9:34  Protoss Ground Weapons Level 2  
  159  9:46  Stalker x5  
  159  9:47  Stalker  
  165  10:27  Colossus x2  
  175  10:29  Extended Thermal Lance  
  175  10:36  Adept x4  
  175  10:37  Adept x3  
  175  10:38  Adept  
  175  10:42  Assimilator  
  191  10:43  Assimilator  
  191  10:44  Pylon  
  181  11:07  Stalker x3  
  181  11:08  Stalker x2  
  181  11:21  Colossus x2  
  181  11:24  Stalker  
  181  11:25  Stalker x2  
  191  11:34  Stalker x4  
  199  11:53  Gateway  
  199  11:57  Gateway  
  199  12:00  Gateway x2  
  195  12:02  Stalker x2  
  179  12:15  Stalker x2  
  179  12:16  Stalker x4  
  181  12:27  Stalker x2  
  181  12:29  Disruptor x2  
  175  12:37  Dark Shrine  
  171  12:44  Adept x4  
  171  12:45  Adept x2  
  177  12:55  Adept x3  
  177  12:56  Adept  
  189  13:07  Stalker x4  
Show
View Real Time Build Order
Export as new Build Order

Polt Terran 

Build Orders: Reaper Expand, MMM Bio 

Get SALT Encoding   

  12  0:00  SCV  
  13  0:12  SCV  
  14  0:17  Supply Depot  
  14  0:25  SCV  
  15  0:39  SCV  
  15  0:41  Barracks  
  16  0:44  Refinery  
  16  0:51  SCV  
  17  1:03  SCV  
  18  1:15  SCV  
  19  1:28  Reaper, Orbital Command  
  20  1:42  Command Center  
  20  1:50  Supply Depot  
  20  1:53  SCV  
  21  2:02  Barracks Reactor  
  21  2:05  SCV  
  22  2:09  Barracks  
  22  2:18  SCV  
  22  2:21  Engineering Bay  
  23  2:30  SCV  
  23  2:35  Barracks  
  24  2:38  Marine x2  
  26  2:45  SCV  
  26  2:54  Orbital Command  
  26  2:56  Barracks Tech Lab  
  26  2:57  Marine x2  
  28  3:00  SCV  
  29  3:12  SCV  
  30  3:18  Marine x3  
  32  3:20  Stimpack  
  32  3:21  SCV  
  32  3:24  Supply Depot, SCV  
  32  3:26  Marine  
  35  3:33  SCV  
  36  3:35  Marine x2  
  36  3:36  Marine, SCV  
  36  3:38  Supply Depot  
  40  3:44  Barracks Tech Lab  
  40  3:45  SCV  
  41  3:48  SCV  
  41  3:53  Marine x3  
  45  3:59  SCV  
  45  4:00  SCV  
  47  4:04  Marine  
  47  4:05  Combat Shields  
  47  4:09  Factory  
  48  4:11  Engineering Bay, Marine x3  
  48  4:14  SCV x2  
  54  4:26  SCV  
  54  4:27  SCV  
  54  4:28  Marauder  
  54  4:29  Marine  
  54  4:30  Marauder  
  58  4:38  SCV  
  58  4:39  SCV  
  58  4:40  Refinery  
  58  4:49  Missile Turret  
  58  4:51  Supply Depot  
  58  4:54  Marine x4  
  61  5:01  SCV  
  61  5:03  Starport  
  62  5:09  Supply Depot  
  62  5:10  Refinery  
  62  5:11  Factory Reactor  
  62  5:12  Marine x4, SCV  
  67  5:14  SCV  
  67  5:18  Supply Depot  
  68  5:26  SCV x2  
  59  5:39  Command Center, SCV x2  
  55  5:51  SCV x2  
  52  6:02  Medivac x2  
  52  6:03  SCV x2, Marauder  
  58  6:04  Marine x3  
  58  6:07  Widow Mine  
  63  6:15  SCV  
  63  6:16  SCV  
  65  6:22  Marine x2  
  65  6:23  Marauder  
  65  6:24  Marine  
  70  6:27  Supply Depot, Terran Infantry Weapons Level 1  
  70  6:28  SCV x2  
  72  6:33  Refinery  
  72  6:37  Barracks  
  72  6:38  Widow Mine  
  72  6:39  Barracks  
  74  6:44  SCV x2  
  76  6:48  Marine x2, Marauder x2  
  76  6:52  Medivac  
  76  6:53  Medivac  
  86  6:56  Orbital Command  
  86  7:00  Missile Turret, SCV  
  87  7:02  SCV  
  86  7:11  Marine x2  
  86  7:12  Liberator, SCV, Marauder x2  
  86  7:14  SCV  
  86  7:15  Widow Mine  
  94  7:22  Concussive Shells  
  96  7:23  Missile Turret  
  96  7:25  Liberator, SCV  
  96  7:26  SCV  
  96  7:29  Barracks Tech Lab, Barracks Reactor  
  98  7:35  SCV  
  103  7:37  SCV  
  103  7:38  Refinery  
  103  7:39  Refinery, SCV  
  107  7:45  Supply Depot  
  107  7:46  Supply Depot  
  107  7:48  SCV  
  107  7:49  SCV  
  109  7:51  Supply Depot  
  109  7:54  Supply Depot  
  109  8:04  Starport  
  109  8:06  Liberator  
  109  8:07  SCV x3  
  109  8:10  Fusion Core  
  112  8:14  Marine x4  
  112  8:15  Marine x3  
  112  8:16  Liberator  
  112  8:19  SCV x3  
  122  8:22  Supply Depot  
  122  8:23  Supply Depot  
  126  8:35  Marine x4, Marauder x3  
  136  8:43  Starport Tech Lab  
  136  8:49  Liberator x2, Supply Depot  
  136  8:50  Supply Depot x2  
  136  8:59  Liberator  
  136  9:01  Marine x4, Marauder x3  
  139  9:28  Advanced Ballistics  
  139  9:32  Marine x4, Marauder x3  
  139  9:38  Liberator x2  
  149  9:43  Missile Turret, Liberator  
  149  9:44  Missile Turret  
  149  9:48  Command Center  
  153  10:03  Orbital Command  
  138  10:17  Marine x4, Marauder  
  138  10:18  Marauder x2  
  147  10:23  Liberator x2  
  147  10:27  Liberator  
  147  10:41  Marine x7  
  159  10:57  SCV x2  
  159  10:58  SCV  
  162  11:09  Liberator  
  162  11:10  SCV x3  
  146  11:18  Marine x4, Marauder x3  
  155  11:19  Orbital Command  
  155  11:22  SCV x3  
  159  11:27  Liberator x2  
  160  11:38  SCV x3  
  159  12:16  Marine x4, Marauder  
  159  12:17  Liberator x3, Marauder x2  
  161  12:45  Marine x4, Marauder x3  
  137  13:06  Marine x2, Marauder x2  
  137  13:07  Marauder  
  137  13:11  Marine x2  
Tags
 
Add a new tag
Caveats
  • Supply blocks, unpowered buildings, or Contaminate may cause inaccurate times.
  • Supply counts are checked every 10 seconds.